Map: [ESL] Hecate

Players

Solar - Winner!

  • Race: Zerg Zerg
  • Spawn Location: 7:00

Scarlett

  • Race: Zerg Zerg
  • Spawn Location: 1:00

Event: IEM Katowice 2024

VOD

Have the link to the VOD?

Description

Time

  • Played on: Feb. 8, 2024, 6:28 a.m.
  • Length: 5:06

All games in this series

Show
View Real Time Build Order
Export as new Build Order

Solar Zerg - Winner!

Build Orders: Hatch First 

Get SALT Encoding   

  12  0:00  Drone  
  13  0:12  Overlord  
  13  0:17  Drone  
  14  0:31  Drone x2  
  16  0:47  Hatchery  
  15  0:51  Drone  
  15  0:54  Drone  
  17  0:57  Drone  
  18  1:08  Extractor  
  17  1:12  Spawning Pool  
  17  1:15  Drone  
  17  1:18  Drone  
  18  1:27  Drone  
  19  1:38  Drone  
  20  1:49  Drone  
  21  1:58  Queen x2  
  21  2:00  Zergling x2  
  26  2:01  Overlord  
  26  2:09  Drone  
  26  2:10  Metabolic Boost  
  26  2:11  Drone  
  28  2:20  Zergling x2  
  28  2:21  Drone  
  30  2:33  Hatchery  
  30  2:36  Drone  
  30  2:40  Drone  
  31  2:46  Baneling Nest  
  31  2:48  Drone  
  32  2:51  Drone  
  32  2:57  Roach Warren  
  31  3:02  Overlord  
  31  3:04  Drone  
  32  3:09  Zergling x4  
  32  3:11  Zergling x2  
  35  3:16  Overlord  
  35  3:37  Roach x3  
  35  3:38  Roach x3  
  47  3:44  Roach  
  47  3:46  Zergling x6  
  52  3:51  Overlord  
  52  3:55  Zergling x2, Baneling x2  
  52  4:01  Zergling x6  
  55  4:07  Zergling x2  
  56  4:10  Zergling x4  
  56  4:16  Baneling, Overlord  
  56  4:17  Baneling  
  58  4:19  Baneling  
  58  4:22  Zergling x4  
  60  4:26  Zergling x4  
  61  4:33  Zergling x6  
  60  4:40  Zergling x2  
  60  4:41  Zergling x4  
  63  4:47  Zergling x4  
Show
View Real Time Build Order
Export as new Build Order

Scarlett Zerg 

Build Orders: Hatch First 

Get SALT Encoding   

  12  0:00  Drone  
  13  0:12  Overlord  
  13  0:17  Drone  
  14  0:30  Drone x2  
  16  0:46  Hatchery  
  15  0:51  Drone  
  15  0:54  Drone  
  17  0:57  Drone  
  18  1:08  Extractor  
  17  1:12  Spawning Pool  
  17  1:15  Drone  
  18  1:18  Drone  
  18  1:28  Drone  
  19  1:39  Drone  
  20  1:51  Drone  
  21  1:59  Queen x2  
  21  2:00  Zergling x2, Overlord  
  26  2:08  Metabolic Boost  
  26  2:09  Drone  
  26  2:10  Drone  
  28  2:20  Zergling x2  
  30  2:22  Drone  
  30  2:32  Drone  
  30  2:34  Drone  
  32  2:37  Hatchery  
  32  2:41  Drone  
  32  2:47  Baneling Nest  
  32  2:49  Overlord  
  31  2:52  Drone  
  32  3:02  Drone x2  
  34  3:08  Drone  
  34  3:09  Drone x4  
  34  3:12  Drone x2  
  41  3:19  Zergling x2, Overlord  
  42  3:34  Drone, Baneling  
  42  3:39  Queen, Evolution Chamber  
  44  3:43  Drone x5  
  44  3:48  Drone x3  
  52  3:54  Drone x2, Overlord  
  52  3:55  Extractor  
  53  4:01  Overlord  
  53  4:04  Extractor  
  53  4:07  Roach Warren  
  53  4:08  Baneling  
  51  4:10  Zergling x4  
  51  4:13  Zergling x8  
  58  4:18  Spine Crawler  
  58  4:20  Zergling x8  
  60  4:27  Zergling x6  
  60  4:28  Baneling x2  
  59  4:32  Zergling x6  
  55  4:42  Zergling x2  

Tags
 
Add a new tag
Caveats
  • Supply blocks, unpowered buildings, or Contaminate may cause inaccurate times.
  • Supply counts are checked every 10 seconds.